Fliqu, neutral male human Healer --------.--- ----------- ------- ...........| |.........| #......| # |...........# |..........#########|....(| -----#########-..........|# |.........| |.....| |...|# |..........|# |..........# |......# |...-## ...........|# |.........|### |.....|### ## |...|# -.--.-------# |.<.......| # -.----- # # -----# # -------.--- ################@h################ # # # # # # ### ## # ##`## ### # --------.------### ### # # |..............################ ########## |.............|# ### -------+-.-# #--.-- |.............| # |..>......| #....| |.............| ###|.........| |.>.| --------------- #-.........| |...| ----------- ----- Fliqu the Rhizotomist Experience level: 2 Strength: 11 Dexterity: 8 Constitution: 14 Intelligence: 9 Wisdom: 18 Charisma: 16 Health: 0(21) Energy: 16(16) Def: 3 Gold: 1653 Moves: 717 Dungeon seed: nl_2uTMDnWFWzfBr Game ID: Fliqu_1500373377 Your Inventory: Coins $ - 1653 gold pieces Weapons a - a +0 scalpel (weapon in hand) Armor e - an uncursed +1 pair of leather gloves (being worn) y - an uncursed +0 orcish helm (being worn) Comestibles l - 5 uncursed apples m - an uncursed lichen corpse o - an uncursed food ration t - an uncursed egg u - an uncursed apricot Spellbooks i - a blessed spellbook of healing j - a blessed spellbook of extra healing p - a blessed spellbook of stone to flesh q - an uncursed spellbook of restore ability Potions c - a blessed potion of healing d - 3 uncursed potions of healing f - 3 uncursed potions of extra healing g - a blessed potion of extra healing r - a blessed potion of gain ability Wands h - a wand of sleep (0:6) Tools b - an uncursed stethoscope k - an uncursed skeleton key s - an uncursed skeleton key Gems n - an uncursed worthless piece of violet glass Spells and supernatural/magical abilities: Name Level Category Fail Memory h - healing 1 healing 0% 97% x - extra healing 3 healing 55% 97% S - stone to flesh 3 healing 68% 97% W - pray for help -- divine ? -- Your skills at the end: Fighting Skills Weapon Skills knife [Basic] Spellcasting Skills healing spells [Basic] Final Attributes: You were devoutly aligned. You were poison resistant. You are dead. Vanquished creatures: a little dog 4 jackals a goblin 2 sewer rats 2 lichens a kobold zombie a newt 12 creatures vanquished. Voluntary challenges: You were an atheist. You used a wielded weapon 21 times, starting on turn 24. You were illiterate. You never genocided any monsters. You never polymorphed an object. You never changed form. You used no wishes. You never split a pudding. You never wrote Elbereth's name. You never violated your personal moral code. Dungeon overview: The Dungeons of Doom: levels 1 to 3 Level 1 a fountain a long staircase Level 2 <- You were here a long staircase Level 3 History has recorded: On T:1 you entered the Dungeons of Doom to retrieve the Amulet of Yendor! On T:389 you reached level 2 of The Dungeons of Doom. On T:502 you advanced to experience level 2. On T:591 you reached level 3 of The Dungeons of Doom. Score breakdown: Gold: 97 ( 6773 points) Experience: 2 levels ( 5570 points) Exploration: 3 levels ( 6.00%) ( 6060 points) Discoveries: 0 items ( 0.00%) ( 0 points) Valuables value: (no points given unless you survive) Artifact value: 0 ( 0 points) Variety of kills: 7 monsters ( 1.84%) ( 4066 points) Turncount: 717 turns ( 0 points) Survival: died (score multiplied by 80%) Total score: 17975 Latest messages: This goblin corpse tastes terrible! You finish eating the goblin corpse. There are a few objects here. y - an iron skull cap. t - an egg. You start equipping your iron skull cap. You are now wearing an iron skull cap. The door opens. $ - 7 gold pieces. You feel tough! You must be leading a healthy life-style. You see here an apricot. u - an apricot. The door opens. The hobbit hits! You hit the hobbit. The hobbit hits! You hit the hobbit. (2x) The hobbit hits! You miss the hobbit. The hobbit hits! You miss the hobbit. The hobbit hits! You die... Final status: Goodbye Fliqu the Healer, killed by a hobbit... You died in The Dungeons of Doom on dungeon level 2 with 17975 points, and 1653 pieces of gold, after 717 moves. You were level 2 with a maximum of 21 hit points when you died.